 Dungeon Crawl Stone Soup version 0.19.4-9-g45fd643 (webtiles) character file.

99 oplop the Chiller (level 4, 0/28 HPs)
             Began as an Octopode Ice Elementalist on Feb 20, 2017.
             Killed from afar by Sigmund (8 damage)
             ... with a magic dart
             ... on level 2 of the Dungeon.
             The game lasted 00:02:59 (2030 turns).

oplop the Chiller (Octopode Ice Elementalist)       Turns: 2030, Time: 00:03:00

Health: 0/28       AC:  1    Str:  7    XL:     4   Next: 72%
Magic:  8/8        EV: 18    Int: 18    God:
Gold:   52         SH:  4    Dex: 17    Spells: 1 memorised, 8 levels left

rFire  . . .     SeeInvis .     (no weapon)
rCold  . . .     Gourm    .     n - +0 buckler
rNeg   . . .     Faith    .     (helmet restricted)
rPois  .         Spirit   .     (no amulet)
rElec  .         Reflect  .     (no ring)
rCorr  .         Harm     .     (no ring)
MR     .....                    (no ring)
Stlth  ++++......               (no ring)
                                (no ring)
                                (no ring)
                                (no ring)
                                (no ring)

@: agile
A: almost no armour, stealthy swim, amphibious, 8 rings, constrict 8, camouflage
1, gelatinous body 1
a: no special abilities


You were on level 2 of the Dungeon.
You were hungry.

You visited 1 branch of the dungeon, and saw 2 of its levels.

You collected 52 gold pieces.

Inventory:

Armour
 n - a +0 buckler (worn)
Scrolls
 c - a scroll of teleportation {unknown}
 d - a scroll of identify {unknown}
 f - a scroll of immolation {unknown}
 h - a scroll of noise {unknown}
 i - a scroll of enchant armour {unknown}
 k - a scroll of fear {unknown}
 l - a scroll of recharging {unknown}
 p - a scroll of remove curse {unknown}
Potions
 g - a potion of ambrosia {unknown}
 m - a potion of berserk rage {unknown}
 q - a potion of lignification {unknown}
Books
 a - a book of Frost

   Spells                             Type                      Level
   a - Freeze                         Ice                          1
   b - Throw Frost                    Conjuration/Ice              2
   c - Ozocubu's Armour               Charms/Ice                   3
   d - Throw Icicle                   Conjuration/Ice              4
   e - Summon Ice Beast               Ice/Summoning                4
Comestibles
 b - a bread ration
 o - a meat ration


   Skills:
 + Level 1.2 Fighting
 - Level 2.0 Dodging
 - Level 2.6 Stealth
 + Level 0.2 Shields
 * Level 3.2 Spellcasting
   Level 1.0 Conjurations
 * Level 4.0 Ice Magic


You had 8 spell levels left.
You knew the following spells:

 Your Spells              Type           Power        Failure   Level  Hunger
a - Freeze                Ice            ###.         6%          1    None


Dungeon Overview and Level Annotations

Branches:
Dungeon (2/15)

Altars:
Fedhas

Annotations:
D:2 Sigmund


Innate Abilities, Weirdness & Mutations

You cannot wear most types of armour.
You are very stealthy in the water. (Stealth+)
You are amphibious.
You can wear up to eight rings at the same time.
You can use your tentacles to constrict eight enemies at once.
Your skin changes colour to match your surroundings (Stealth+).
Your rubbery body absorbs attacks. (AC +1, EV +1)


Message History

You start resting.
You feel sick. x2
You are no longer poisoned.
You start resting.
All of the chunks of flesh in your inventory have rotted away.
You are feeling hungry.
A giant cockroach comes into view.
Found a blowgun.
A giant cockroach is nearby!
A giant cockroach is nearby!
A giant cockroach is nearby!
Sigmund the Dreaded comes into view.
He is wielding a scythe.
Sigmund points at you and mumbles some strange words.
The magic dart hits you!
Sigmund hits you from afar with a scythe!
* * * LOW HITPOINT WARNING * * *
It was a potion of agility.
You feel agile all of a sudden. Sigmund casts a spell at you.
The magic dart hits you!
You die...

#######...........# #.
..................# ##
........################
............... #...#
.....#......... #...#
.... #......... ###...#
.....#......... #......
............... #......
.......@....... #......
........s.).... #......
.......@....... #......
............... #......
............... #......
......######### #..)...
...... ####### ######


You could see Sigmund and a giant cockroach.

Vanquished Creatures
  Ijyb (D:2)
  4 adders (D:2)
  A worm (D:2)
  3 dart slugs (D:2)
  2 leopard geckos (D:2)
  3 goblins (D:2)
  3 hobgoblins (D:2)
  3 jackals (D:2)
  A quokka (D:2)
  A frilled lizard (D:2)
  5 kobolds
  3 rats
30 creatures vanquished.

Notes
Turn   | Place    | Note
-------+----------+-------------------------------------------
     0 | D:1      | oplop the Octopode Ice Elementalist began the quest for the Orb.
     0 | D:1      | Reached XP level 1. HP: 11/11 MP: 3/3
   516 | D:2      | Reached XP level 2. HP: 4/18 MP: 0/5
   797 | D:2      | Reached XP level 3. HP: 8/22 MP: 2/6
  1016 | D:2      | Noticed Ijyb
  1031 | D:2      | Reached skill level 1 in Fighting
  1221 | D:2      | Killed Ijyb
  1221 | D:2      | Reached XP level 4. HP: 25/28 MP: 3/8
  1626 | D:2      | Reached skill level 4 in Ice Magic
  1711 | D:2      | Found a blossoming altar of Fedhas.
  2026 | D:2      | Noticed Sigmund
  2030 | D:2      | Killed from afar by Sigmund

Skill      XL: |  1  2  3  4 |
---------------+-------------+-----
Fighting       | 1 |  1.2
Spellcasting   | 3 |  3.2
Ice Magic      | 4 |  4.0
Dodging        | |  2.0
Stealth        | |  2.6
Shields        | |  0.2
Conjurations   | |  1.0

Action                   |  1- 3 |  4- 6 || total
-------------------------+-------+-------++-------
Melee: Unarmed           |    24 |    47 ||    71
       Tentacles         |     8 |     8 ||    16
       Constrict         |     8 |    13 ||    21
 Cast: Freeze            |    19 |    10 ||    29
  Use: Potion            |       |     1 ||     1
 Stab: Sleeping          |     1 |     1 ||     2
  Eat: Chunk             |     1 |     2 ||     3
Armor: Skin              |     1 |       ||     1
Dodge: Dodged            |    29 |    28 ||    57
Block: Buckler           |       |     6 ||     6
